 Dungeon Crawl Stone Soup version 0.30-a0-672-gc3a7216ad8 (webtiles) character file.

Game seed: 16490352487504343343

83 wormed the Caller (level 4, -3/30 HPs)
             Began as a Demonspawn Summoner on Jan 18, 2023.
             Was a Follower of Vehumet.
             Killed from afar by Natasha (14 damage)
             ... with a bolt of dispelling energy
             ... on level 2 of the Dungeon.
             The game lasted 00:03:23 (1676 turns).

wormed the Caller (Demonspawn Summoner)             Turns: 1676, Time: 00:03:24

Health: -3/30      AC:  2    Str:  8    XL:     4   Next: 22%
Magic:  2/8        EV: 12    Int: 18    God:    Vehumet [*.....]
Gold:   50         SH:  0    Dex: 14    Spells: 1/8 levels left

rFire   . . .      SeeInvis .    (no weapon)
rCold   . . .      Faith    .    (no shield)
rNeg    . . .      Spirit   .    a - +0 robe
rPois   .          Reflect  .    (no helmet)
rElec   .          Harm     .    (no cloak)
rCorr   .          Rampage  .    (no gloves)
Will    .....                    (no boots)
Stlth   ++                       (no amulet)
HPRegen 0.25/turn                (no ring)
MPRegen 0.11/turn                (no ring)

@: no status effects
A: spiny 2
a: Renounce Religion


You were on level 2 of the Dungeon.
You worshipped Vehumet.
Vehumet was aware of your devotion.
You visited 1 branch of the dungeon, and saw 2 of its levels.

You collected 50 gold pieces.

Inventory:

Armour
 a - a +0 robe (worn)
Scrolls
 e - a scroll of identify {unknown}
 g - a scroll of blinking {unknown}
Potions
 b - 2 potions of lignification {unknown}
 d - 2 potions of brilliance {unknown}
 f - a potion of haste {unknown}
 h - a potion of heal wounds {unknown}


   Skills:
 - Level 1.7 Dodging
 - Level 1.7 Stealth
 + Level 2.8 Spellcasting
 + Level 1.0 Hexes
 * Level 5.1 Summonings


You had one spell level left.
You knew the following spells:

 Your Spells              Type           Power      Damage    Failure   Level
a - Summon Small Mammal   Summ           84%        N/A       1%          1
b - Call Canine Familiar  Summ           21%        N/A       6%          3
c - Summon Guardian Gole  Hex/Summ       13%        N/A       14%         3

Your spell library contained the following spells:

 Spells                   Type           Power      Damage    Failure   Level
 Magic Dart               Conj           8%         1d3       17%         1
 Call Imp                 Summ           21%        N/A       3%          2
 Summon Lightning Spire   Summ/Air       11%        N/A       50%         4


Dungeon Overview and Level Annotations

Branches:
Dungeon (2/15)

Altars:
Vehumet

Annotations:
D:2 Natasha


Innate Abilities, Weirdness & Mutations

You are mostly covered in sharp spines.


Message History

You feel disoriented.
Your hound completely misses the crimson imp.
The crimson imp hits your hound.
Your hound bites the crimson imp.
Your hound completely misses the crimson imp.
The crimson imp misses your hound.
Your hound completely misses the crimson imp.
Natasha hisses.
The crimson imp blinks!
Your hound closely misses the crimson imp.
Your hound misses the crimson imp. The crimson imp hits your hound.
Your hound barely misses the crimson imp.
The crimson imp barely misses your hound.
The crimson imp blinks!
Your hound misses the crimson imp.
Your hound bites the crimson imp.
Natasha extends her claws.
The crimson imp blinks!
Your hound barely misses the crimson imp.
Your hound bites the crimson imp but does no damage.
Natasha closely misses your hound. The crimson imp closely misses you.
The iron imp disappears in a puff of smoke!
Your hound misses the crimson imp.
Natasha stares at you and mumbles some strange words.
The magic dart hits your hound.
The crimson imp blinks!
Natasha claws your hound.
The crimson imp disappears in a puff of smoke!
Your hound bites Natasha. x2; Natasha barely misses your hound.
Your hound bites Natasha.
Natasha mumbles some strange words.
You feel disoriented. Natasha barely misses your hound.
Your hound closely misses Natasha.
The crimson imp blinks!
Natasha zaps a wand.
The bolt of dispelling energy hits your hound!
Your hound dies!
Your hound's corpse disappears in a puff of smoke!
The bolt of dispelling energy hits you!
Your magical effects are unravelling.
Ouch! That really hurt!
You feel yourself speed up.
Natasha zaps a wand.
The bolt of dispelling energy hits you!
You die...

#######..#.### #.#......
.............# #.# #.###
...........#.# #.# .#
...........#.# #h# .
.......##..#.# #.# ..
...........#.# #.# #.##
...........#.# #.####...
...........#.# #.##<#..#
####..#...##.###@##.#..#
................##.#..#
......######......†.#..###..
.#.... #.#......).......
#..<. ###.#...##.#.##.. #..
#.#...# .# ... #.#..## ..
#.#..# ### #.#...


You could see Natasha.

Vanquished Creatures
  A ball python (D:1)
  A giant cockroach (D:1)
  3 goblins
  A rat (D:1)
6 creatures vanquished.

Vanquished Creatures (collateral kills)
  Natasha (twice) (D:2)
  4 bats (D:1)
  4 endoplasms (D:1)
  3 goblins (D:1)
  3 hobgoblins
  4 jackals (D:1)
  2 kobolds (D:1)
  A quokka (D:1)
23 creatures vanquished.

Vanquished Creatures (others)
  3 plants (D:1)
3 creatures vanquished.

Grand Total: 32 creatures vanquished

Notes
Turn   | Place    | Note
-------+----------+-------------------------------------------
     0 | D:1      | wormed the Demonspawn Summoner began the quest for the Orb.
     0 | D:1      | Reached XP level 1. HP: 13/13 MP: 3/3
   374 | D:1      | Gained mutation: You are partially covered in sharp spines.
                  | [demonic ancestry]
   374 | D:1      | Reached XP level 2. HP: 19/19 MP: 3/5
   563 | D:1      | Found a faded altar of an unknown god.
   576 | D:1      | Prayed at the altar of an unknown god.
   576 | D:1      | Became a worshipper of Vehumet
   576 | D:1      | Reached * piety under Vehumet
   576 | D:1      | Offered knowledge of Magic Dart by Vehumet.
   886 | D:1      | Reached XP level 3. HP: 24/24 MP: 3/6
   890 | D:1      | Learned a level 3 spell: Call Canine Familiar
  1461 | D:2      | Noticed Natasha
  1478 | D:2      | Killed Natasha
  1571 | D:2      | Noticed Natasha
  1586 | D:2      | Killed Natasha
  1587 | D:2      | Reached skill level 1 in Hexes
  1587 | D:2      | Reached skill level 5 in Summonings
  1587 | D:2      | Gained mutation: You are mostly covered in sharp spines.
                  | [demonic ancestry]
  1587 | D:2      | Reached XP level 4. HP: 30/30 MP: 5/8
  1631 | D:2      | Noticed Natasha
  1633 | D:2      | Learned a level 3 spell: Summon Guardian Golem
  1676 | D:2      | Killed from afar by Natasha

Illustrated notes

Levels and vault maps discovered:
D:1:      saegor_arrival_fortress, layout_loops_ring,
          dreamdust_ecumenical_altar_grove
D:2:      layout_basic, uniq_natasha

Skill      XL: |  1  2  3 |
---------------+----------+-----
Hexes          | 1 |  1.0
Summonings     | 5 |  5.1
Dodging        | |  1.7
Stealth        | |  1.7
Spellcasting   | |  2.8

Action                   |  1- 3 |  4- 6 || total
-------------------------+-------+-------++-------
Melee: Unarmed           |    27 |       ||    27
 Cast: Summon Small Mamm |    43 |     4 ||    47
       Call Canine Famil |     3 |     3 ||     6
  Use: Potion            |     1 |     3 ||     4
Armor: Robe              |    12 |       ||    12
Dodge: Dodged            |    27 |     3 ||    30

Table legend: (Time is in decaauts)
 A = Elapsed time spent in this place.
 B = Non-inter-level travel time spent in this place.
 C = Inter-level travel time spent in this place.
 D = Time resting spent in this place.
 E = Time spent auto-exploring this place.
 F = Levels seen in this place.
 G = Mean time per level.
                   A        B        C        D        E       F      G
               +--------+--------+--------+--------+--------+-----+--------+
         Total |   1685 |   1644 |     41 |      0 |   1232 |   2 |  842.5 |
       Dungeon |   1685 |   1644 |     41 |      0 |   1232 |   2 |  842.5 |
               +--------+--------+--------+--------+--------+-----+--------+

Top non-repeatable levels by time:
     D:1: 1458 daAuts
     D:2: 227 daAuts
